 Dungeon Crawl Stone Soup version 0.30-a0-913-g9934a0ce24 (webtiles) character file.

Game seed: 12199841009461488215

141669 jlumianski the Severer (level 16, -3/134 HPs)
             Began as a Demonspawn Fighter on Mar 19, 2023.
             Was the Champion of Qazlal.
             Slain by Donald
             ... wielding a +1 demon trident of flaming
              (18 damage)
             ... on level 3 of the Snake Pit.
             The game lasted 01:47:56 (26230 turns).

jlumianski the Severer (Demonspawn Fighter)        Turns: 26230, Time: 01:47:59

Health: -3/134     AC: 31    Str: 31    XL:     16   Next: 78%
Magic:  0/27       EV:  8    Int: 14    God:    Qazlal [******]
Gold:   2067       SH:  8    Dex: 18    Spells: 15/15 levels left

rFire   . . .      SeeInvis .    g - +1 executioner's axe of Vengeance {freeze, Str+3}
rCold   . . .      Faith    +    (shield currently unavailable)
rNeg    . . .      Spirit   +    o - +0 crystal plate armour
rPois   +          Reflect  .    r - +1 helmet {Int+3}
rElec   +          Rampage  .    X - scarf of Sadibuydd {shadows, Str+4 Dex+6}
rCorr   .                        (gloves unavailable)
Will    +....                    s - +0 pair of boots Stlth
                                 D - amulet of faith
HPRegen 0.42/turn                C - ring of poison resistance
MPRegen 0.40/turn                y - +4 ring of protection

@: lethally poisoned (-3 -> -16), marked, protected from electricity, repel
missiles
A: molten scales 2, magic shield, magic regeneration, demonic magic 1, demonic
touch 3
a: Renounce Religion, Upheaval, Elemental Force, Disaster Area


You were on level 3 of the Snake Pit.
You worshipped Qazlal.
Qazlal was exalted by your worship.
You visited 5 branches of the dungeon, and saw 25 of its levels.
You also visited: Sewer and Gauntlet.

You collected 2443 gold pieces.
You spent 376 gold pieces at shops.

Inventory:

Hand Weapons
 g - the +1 executioner's axe of Vengeance (weapon) {freeze, Str+3}
   (You acquired it on level 12 of the Dungeon)

   Str:       It affects your strength (+3).
 l - a +0 great mace of protection
 H - a +0 spectral quarterstaff
Missiles
 f - 8 poisoned darts
 h - 13 curare-tipped darts (quivered)
 j - 13 javelins
 z - 4 atropa-tipped darts
 B - 16 boomerangs
 M - 3 throwing nets
Armour
 b - a +2 kite shield of protection
 o - a +0 crystal plate armour (worn)
 r - a +1 helmet of intelligence (worn)
 s - a +0 pair of boots (worn)
 X - the scarf of Sadibuydd (worn) {shadows, Str+4 Dex+6}
   (You found it in a Gauntlet)

   Str:       It affects your strength (+4).
   Dex:       It affects your dexterity (+6).
Jewellery
 a - a ring of see invisible
 i - a ring of resist corrosion
 k - a ring of ice
 y - a +4 ring of protection (right hand)
 C - a ring of poison resistance (left hand)
 D - an amulet of faith (around neck)
 I - a +5 ring of evasion
 P - the amulet of Secrets {RegenMP rPois rF+++ rN+ Slay-2}
   (You found it in a Gauntlet)

   [amulet of magic regeneration]

   It increases your rate of magic regeneration.
   Slay:      It affects your accuracy & damage with ranged weapons and melee
   (-2).
   rF:        It renders you almost immune to fire.
   rPois:     It protects you from poison.
   rN:        It protects you from negative energy.
Wands
 w - a wand of mindburst (19)
 A - a wand of flame (37)
 G - a wand of roots (11)
 U - a wand of acid (23)
 W - a wand of charming (24)
Scrolls
 u - a scroll of fog
 v - 6 scrolls of blinking
 E - a scroll of amnesia
 F - 2 scrolls of magic mapping
 J - a scroll of torment
 O - 10 scrolls of identify
 Q - 6 scrolls of poison
 S - 8 scrolls of teleportation
 V - a scroll of fear
Potions
 c - 2 potions of brilliance
 d - 3 potions of might
 e - 10 potions of curing
 m - 3 potions of flight
 n - 3 potions of haste
 p - a potion of invisibility
 q - 2 potions of cancellation
 t - a potion of resistance
 x - 4 potions of heal wounds
 N - a potion of mutation
Miscellaneous
 K - a box of beasts (inert)
 L - a phantom mirror
 R - a tin of tremorstones (2/2)


   Skills:
 * Level 14.6 Fighting
 + Level 16.5 Axes
 + Level 0.5 Staves
 + Level 1.0 Throwing
 + Level 9.7 Armour
 + Level 4.3 Dodging
 - Level 0.9 Stealth
 - Level 4.7 Shields
 * Level 15.2 Invocations
 * Level 10.6 Evocations


You had 15 spell levels left.
You didn't know any spells.
Your spell library contained the following spells:

 Spells                   Type           Power      Damage    Failure   Level
 Shock                    Conj/Air       0%         1d3       100%        1
 Blink                    Tloc           0%         N/A       100%        2
 Static Discharge         Conj/Air       0%         2-2/arc   100%        2
 Call Canine Familiar     Summ           0%         N/A       100%        3
 Frozen Ramparts          Ice            0%         1d1       100%        3
 Ignite Poison            Fire/Tmut/Pois 0%         N/A       100%        3
 Portal Projectile        Hex/Tloc       0%         N/A       100%        3
 Swiftness                Air            0%         N/A       100%        3
 Tukima's Dance           Hex            0%         N/A       100%        3
 Vhi's Electric Charge    Tloc/Air       0%         N/A       100%        3
 Airstrike                Air            0%         2d(0-16)  100%        4
 Ice Form                 Ice/Tmut       0%         N/A       100%        4
 Leda's Liquefaction      Hex/Erth       0%         N/A       100%        4
 Manifold Assault         Tloc           0%         N/A       100%        4
 Passage of Golubria      Tloc           0%         N/A       100%        4
 Sticky Flame             Conj/Fire      0%         2d3       100%        4
 Summon Ice Beast         Ice/Summ       0%         N/A       100%        4
 Arcjolt                  Conj/Air       0%         1d10      100%        5
 Blade Hands              Tmut           0%         N/A       100%        5
 Lightning Bolt           Conj/Air       0%         1d11      100%        5
 Silence                  Hex/Air        0%         N/A       100%        5
 Summon Mana Viper        Hex/Summ       0%         N/A       100%        5
 Yara's Violent Unravell  Hex/Tmut       0%         3d3       100%        5
 Enfeeble                 Hex            0%         N/A       100%        7
 Monstrous Menagerie      Summ           0%         N/A       100%        7
 Storm Form               Tmut/Air       0%         N/A       100%        7
 Ignition                 Fire           0%         3d3       100%        8
 Lehudib's Crystal Spear  Conj/Erth      0%         10d2      100%        8


Dungeon Overview and Level Annotations

Branches:
Dungeon (13/15)            Temple (1/1) D:6            Lair (5/5) D:9
 Shoals (0/4) Lair:2        Snake (4/4) Lair:3        Slime (0/5) Lair:5
    Orc (2/2) D:12            Elf (0/3) Orc:2         Sewer (visited)
Gauntlet (visited)
 Vaults: D:13-14

Altars:
Ashenzari
Cheibriados
Dithmenos
Fedhas
Gozag
Hepliaklqana
Kikubaaqudgha
Makhleb
Nemelex Xobeh
Okawaru
Qazlal
Ru
Sif Muna
Trog
Uskayaw
Vehumet
Wu Jian
Xom
Yredelemnul
Jiyva

Shops:
D:12 (   Orc:2 =!(*

Annotations:
D:11 2 transporters, IdlyInterested's ghost, journeyman DsGl
Temple 2 transporters
Snake:3 Donald
Snake:4 Mara


Innate Abilities, Weirdness & Mutations

You are mostly covered in molten scales. (AC +3)
When hurt, damage is shared between your health and your magic reserves.
You regenerate magic rapidly.
Spells you cast may paralyse adjacent enemies.
Your touch may irresistibly damage your foes and sap their willpower.


Message History

Blink to where?
Press: ? - help, Dir - move target
Found a transparent mace.
As you read the scroll of blinking, it crumbles to dust.
The shock serpent is engulfed in freezing vapours.
You kill the shock serpent!
Qazlal accepts your kill.
The black mamba attacks as you move away!
The black mamba bites you.
You are poisoned.
The black mamba poisons you!
You feel very sick.
The black mamba bites you but does no damage.
The black mamba attacks as you move away!
You block the black mamba's attack.
You feel very sick.
Donald mumbles some strange words.
Donald seems to grow stronger.
A mana viper comes into view.
You feel very sick.
The black mamba bites you but does no damage.
A mana viper comes into view.
The black mamba attacks as you move away!
The black mamba bites you!
* * * LOW HITPOINT WARNING * * *
You are more poisoned.
The black mamba poisons you!
* * * LOW HITPOINT WARNING * * *
You feel very sick.
A black mamba comes into view.
You block the black mamba's attack.
There is a stone staircase leading up here.
* * * LOW HITPOINT WARNING * * *
You feel very sick.
The black mamba bites you but does no damage.
You block Donald's attack.
The black mamba bites you but does no damage.
Donald says, "This is such a pointless quest."
Donald hits you from afar with a +1 demon trident of flaming!!
You die...

########### #.......
..........# #<#####.
#............####))...#
#..............[[..##.#
##......)......#)#####.#
...............#.......# #
..........).○.○#.......###..#
........°.§S.○.#.#..........#
#)........@§@......###.###..#
#....#.####..##..#..........#
.### #....S#.#...#.##..####.#
....S.###..............#
###S...@†...#..#...######
......§......#...#.....
#.##......#..#.......#.
.....#.#..........#.#.
#.##..#.#...#....###.#.


You could see Donald (fast, strong, reflecting), 2 mana vipers and 2 black
mambas.

Vanquished Creatures
  Aizul (Snake:1)
  A fire giant (D:12)
  The ghost of Omooseq the Skirmisher, a journeyman BaHu of Makhleb (Lair:4)
  The ghost of Newt the Warrior, a journeyman DsGl of Hepliaklqana (Lair:2)
  A minotaur (Gauntlet)
  A hydra (Lair:2)
  The ghost of math4jedi the Cleaver, a journeyman MiMo of Qazlal (Orc:1)
  Harold (Orc:1)
  A salamander tyrant (Snake:3)
  5 catoblepae
  A ghost crab (Gauntlet)
  An anaconda (Snake:2)
  A centaur warrior (D:12)
  6 naga warriors
  4 ogre magi (Orc:2)
  20 two-headed ogres
  A deep troll earth mage (D:12)
  2 tengu warriors
  6 naga sharpshooters
  An orc high priest (Orc:2)
  5 shock serpents
  10 death yaks
  Sonja (Orc:2)
  A skyshark (Lair:4)
  2 salamander mystics
  2 naga ritualists (Snake:2)
  A lindwurm (Lair:4)
  Pikel (D:5)
  2 orc knights
  5 mana vipers
  2 wolf spiders (Lair:5)
  5 manticores
  An ugly thing (D:11)
  8 salamanders
  2 cyclopes (D:12)
  2 elephants (Lair:3)
  A moth of wrath (Orc:1)
  Maurice (D:8)
  31 black mambas
  6 naga magi
  2 torpor snails (Lair:3)
  14 cane toads
  An efreet (Gauntlet)
  A freezing wraith (D:12)
  2 rime drakes (Lair:5)
  7 komodo dragons
  Maggie (D:8)
  2 polar bears (Lair:2)
  24 blink frogs
  4 trolls
  A snapping turtle (Lair:2)
  7 dream sheep (Lair:5)
  Sigmund (D:3)
  8 wyverns
  A vampire (D:11)
  2 wraiths
  65 yaks
  3 shadows
  3 fire elementals (Gauntlet)
  5 basilisks
  4 steam dragons
  Menkaure (D:7)
  3 wargs
  11 nagas
  3 hell hounds (Gauntlet)
  19 water moccasins
  18 orc warriors
  An ice beast (D:5)
  A sky beast (D:8)
  5 black bears
  31 ogres
  25 wolves
  6 centaurs
  3 lemures (D:5)
  A phantom (D:5)
  16 bullfrogs
  4 kobold brigands
  2 scorpions
  4 wights (D:8)
  14 killer bees
  An electric eel (Lair:4)
  A howler monkey (D:12)
  Crazy Yiuf (D:3)
  A jelly (D:5)
  A human zombie (D:8)
  2 hounds
  9 orc priests
  3 gnoll boudas
  A sleepcap (D:4)
  2 human skeletons (D:8)
  4 iguanas
  10 orc wizards
  Robin (D:3)
  12 gnolls
  16 adders
  10 river rats
  A white imp (D:8)
  3 ufetubi
  3 worms
  A dart slug (D:2)
  50 orcs
  2 bats (D:2)
  3 endoplasms
  4 giant cockroaches
  17 goblins
  12 hobgoblins
  31 kobolds
  A quokka (D:2)
  11 ball pythons
  3 frilled lizards
  3 orc skeletons (D:8)
  23 rats
  A butterfly (Lair:3)
716 creatures vanquished.

Vanquished Creatures (collateral kills)
  Fannar (D:10)
  2 two-headed ogres (Orc:2)
  A death yak (Lair:4)
  Urug (Lair:3)
  A salamander (Snake:4)
  3 elephants (Lair:3)
  A black mamba (Snake:2)
  A cane toad (Lair:2)
  A komodo dragon (Lair:2)
  2 yaks (Lair:3)
  A naga (Snake:1)
  An orc warrior (Orc:2)
  A wolf (Lair:5)
  A bullfrog (Lair:4)
  An orc wizard (Orc:2)
  2 orcs (Orc:2)
21 creatures vanquished.

Vanquished Creatures (others)
  An orc wizard (D:4)
  An orc (Orc:2)
  17 fungi
  43 plants
  3 withered plants
65 creatures vanquished.

Grand Total: 802 creatures vanquished

Notes
Turn   | Place    | Note
-------+----------+-------------------------------------------
     0 | D:1      | jlumianski the Demonspawn Fighter began the quest for the
                  | Orb.
     0 | D:1      | Reached XP level 1. HP: 18/18 MP: 1/1
   153 | D:1      | Gained mutation: You are partially covered in molten
                  | scales. (AC +2) [demonic ancestry]
   153 | D:1      | Reached XP level 2. HP: 23/24 MP: 2/2
   666 | D:2      | Reached skill level 2 in Axes
   720 | D:2      | Reached XP level 3. HP: 29/29 MP: 3/3
   807 | D:2      | Found a broken altar of Ashenzari.
  1437 | D:4      | Reached XP level 4. HP: 31/35 MP: 4/4
  1563 | D:4      | Reached skill level 3 in Axes
  1563 | D:4      | Reached XP level 5. HP: 13/42 MP: 5/5
  1670 | D:4      | Noticed an ogre
  1724 | D:3      | Reached skill level 1 in Dodging
  1859 | D:3      | Killed an ogre
  1860 | D:3      | Gained mutation: Spells you cast may paralyse adjacent
                  | enemies. [demonic ancestry]
  1860 | D:3      | Reached XP level 6. HP: 23/48 MP: 6/6
  2067 | D:4      | Found a glowing drain.
  2076 | Sewer    | Entered a sewer
  2274 | Sewer    | Reached skill level 4 in Axes
  2939 | D:5      | Entered Level 5 of the Dungeon
  3087 | D:4      | Gained mutation: You regenerate magic rapidly. [demonic
                  | ancestry]
  3087 | D:4      | Reached XP level 7. HP: 44/55 MP: 7/7
  3238 | D:3      | Noticed Sigmund
  3250 | D:3      | Killed Sigmund
  3251 | D:3      | Reached skill level 5 in Fighting
  3251 | D:3      | Reached skill level 5 in Axes
  3437 | D:3      | Found a hazy altar of Hepliaklqana.
  3437 | D:3      | Found a shadowy altar of Dithmenos.
  3445 | D:3      | Found a basalt altar of Yredelemnul.
  3453 | D:3      | Found a broken altar of Ashenzari.
  3455 | D:3      | Found a snail-covered altar of Cheibriados.
  3532 | D:3      | Found a runed translucent door.
  3533 | D:3      | Noticed Crazy Yiuf
  3628 | D:3      | Noticed Robin
  3699 | D:3      | Killed Robin
  4102 | D:3      | Killed Crazy Yiuf
  4817 | D:6      | Found a staircase to the Ecumenical Temple.
  4828 | Temple   | Entered the Ecumenical Temple
  4828 | Temple   | Found a transporter.
  4828 | Temple   | Found a transporter.
  4830 | Temple   | Found a transporter.
  4830 | Temple   | Found a transporter.
  4848 | Temple   | Became a worshipper of Qazlal Stormbringer
  4905 | D:5      | Gained mutation: Your touch may inflict minor irresistible
                  | damage on your foes. [demonic ancestry]
  4905 | D:5      | Reached XP level 8. HP: 63/63 MP: 8/8
  4908 | D:5      | Reached skill level 6 in Axes
  4908 | D:5      | Reached skill level 1 in Invocations
  4992 | D:6      | Noticed Pikel
  5023 | D:5      | Killed Pikel
  5024 | D:5      | Reached skill level 5 in Armour
  5255 | D:5      | Reached skill level 7 in Axes
  5601 | D:5      | Reached XP level 9. HP: 63/71 MP: 11/11
  6086 | D:7      | Reached * piety under Qazlal
  6434 | D:7      | Noticed Menkaure
  6438 | D:7      | Killed Menkaure
  6439 | D:7      | Reached skill level 5 in Invocations
  6450 | D:7      | Reached skill level 8 in Axes
  6572 | D:7      | Found a flagged portal.
  6939 | D:6      | Found a burning altar of Makhleb.
  7231 | D:7      | Identified the +0 scale mail of Repulsion {Stlth+}
  7410 | D:8      | Noticed Maurice
  7421 | D:8      | Killed Maurice
  7422 | D:8      | Reached skill level 9 in Axes
  7422 | D:8      | Reached XP level 10. HP: 79/79 MP: 14/14
  7482 | D:8      | Reached ** piety under Qazlal
  7561 | D:8      | Noticed a tengu warrior
  7614 | D:8      | Killed a tengu warrior
  7709 | D:8      | Noticed Maggie
  7723 | D:8      | Killed Maggie
  8223 | D:8      | Got the -2 pair of boots of Integrity {rPois Dex+3}
  8241 | D:8      | Identified the +1 chain mail "Pirchunu" {rF+ Will- SInv}
  8272 | D:8      | Found the +18 Lear's hauberk
  8678 | D:9      | Found a sacrificial altar of Ru.
  8842 | D:9      | Reached skill level 10 in Axes
  8845 | D:9      | Reached *** piety under Qazlal
  8852 | D:9      | Noticed a two-headed ogre
  8868 | D:9      | Killed a two-headed ogre
  8869 | D:9      | Reached skill level 1 in Evocations
  9233 | D:9      | Found a staircase to the Lair.
  9363 | D:10     | Entered Level 10 of the Dungeon
  9400 | D:9      | Found an ornate altar of the Wu Jian Council.
  9629 | D:11     | Gained mutation: When hurt, damage is shared between your
                  | health and your magic reserves. [demonic ancestry]
  9629 | D:11     | Reached XP level 11. HP: 84/87 MP: 16/16
  9686 | D:11     | Noticed a two-headed ogre
  9694 | D:11     | Killed a two-headed ogre
  9870 | D:11     | Noticed a six-headed hydra
  9876 | D:11     | Noticed IdlyInterested's ghost (journeyman DsGl)
  9891 | D:11     | Found a transporter.
  9912 | D:11     | Found a transporter.
 10090 | D:11     | Reached skill level 1 in Throwing
 10692 | D:10     | Reached **** piety under Qazlal
 10766 | D:10     | Noticed Fannar
 10774 | D:10     | Killed Fannar
 11170 | D:12     | Noticed a brown ugly thing
 11194 | D:11     | Killed a brown ugly thing
 11195 | D:11     | Reached skill level 11 in Axes
 11226 | D:12     | Identified a scroll of acquirement
 11226 | D:12     | Acquired the +1 executioner's axe of Vengeance {freeze,
                  | Str+3}
 11245 | D:12     | Noticed a deep troll earth mage
 11251 | D:12     | Noticed a tengu warrior
 11265 | D:12     | Noticed a centaur warrior
 11273 | D:12     | Noticed a fire giant
 11355 | D:12     | Found a staircase to the Orcish Mines.
 11358 | D:12     | Found Uxill's Weapon Shop.
 11530 | D:12     | Identified the +0 leather armour "Ufief" {rElec Int+5
                  | Dex+2}
 11543 | D:12     | Killed a centaur warrior
 11686 | D:12     | Noticed a two-headed ogre
 11689 | D:12     | Killed a deep troll earth mage
 11696 | D:12     | Gained mutation: Your touch may inflict irresistible damage
                  | on your foes. [demonic ancestry]
 11696 | D:12     | Reached XP level 12. HP: 72/97 MP: 14/18
 11893 | D:12     | Killed a tengu warrior
 11894 | D:12     | Reached skill level 10 in Fighting
 12039 | D:12     | Killed a two-headed ogre
 12107 | D:12     | Killed a fire giant
 12108 | D:12     | Reached skill level 5 in Evocations
 12479 | D:12     | Noticed a two-headed ogre
 12493 | D:12     | Killed a two-headed ogre
 12959 | Lair:1   | Entered Level 1 of the Lair of Beasts
 13026 | Lair:1   | Noticed a catoblepas
 13029 | Lair:1   | Killed a catoblepas
 13030 | Lair:1   | Reached skill level 12 in Axes
 13030 | Lair:1   | Reached skill level 10 in Invocations
 13486 | Lair:2   | Found a runed translucent door.
 13487 | Lair:2   | Noticed Newt's ghost (journeyman DsGl)
 13528 | Lair:2   | Reached ***** piety under Qazlal
 13529 | Lair:2   | Reached XP level 13. HP: 93/106 MP: 18/21
 13596 | Lair:3   | Noticed Urug
 13601 | Lair:3   | Killed Urug
 13849 | Lair:2   | Reached skill level 13 in Axes
 14206 | Lair:2   | Found a staircase to the Shoals.
 14464 | Lair:2   | Killed Newt's ghost
 14660 | Lair:4   | Found a gate leading to a gauntlet.
 14669 | Gauntlet | Entered a Gauntlet
 14669 | Gauntlet | Found a transporter.
 14673 | Gauntlet | Found a transporter.
 14688 | Gauntlet | Found a transporter.
 14693 | Gauntlet | Found a transporter.
 14715 | Gauntlet | Found a transporter.
 14725 | Gauntlet | Found a transporter.
 14729 | Gauntlet | Found a transporter.
 14733 | Gauntlet | Found a transporter.
 14746 | Gauntlet | Noticed a quicksilver ooze
 14789 | Gauntlet | Found a transporter.
 14808 | Gauntlet | Found a transporter.
 14812 | Gauntlet | Found a transporter.
 14821 | Gauntlet | Found a transporter.
 14841 | Gauntlet | Identified the +2 pair of gloves of Vakukaro {rN+ Dex+4}
 14976 | Gauntlet | Identified the amulet of Secrets {RegenMP rPois rF+++ rN+
                  | Slay-2}
 15101 | Gauntlet | Noticed a minotaur
 15114 | Gauntlet | Killed a minotaur
 15118 | Gauntlet | Identified the scarf of Sadibuydd {shadows, Str+4 Dex+6}
 15228 | Lair:4   | Reached XP level 14. HP: 115/115 MP: 21/23
 15234 | Lair:5   | Entered Level 5 of the Lair of Beasts
 16207 | Lair:3   | Found a staircase to the Snake Pit.
 16272 | Lair:3   | Reached skill level 14 in Axes
 16686 | Lair:3   | Gained mutation: You are mostly covered in molten scales.
                  | (AC +3) [demonic ancestry]
 16686 | Lair:3   | Reached XP level 15. HP: 122/122 MP: 24/24
 17096 | Lair:4   | Found a runed translucent door.
 17096 | Lair:4   | Noticed Omooseq's ghost (journeyman BaHu)
 17131 | Lair:4   | Killed Omooseq's ghost
 18206 | Lair:5   | Found a viscous altar of Jiyva.
 18207 | Lair:5   | Found a staircase to the Slime Pits.
 18710 | Lair:5   | Reached ****** piety under Qazlal
 19398 | Orc:1    | Entered Level 1 of the Orcish Mines
 19432 | Orc:1    | Noticed Harold
 19442 | Orc:1    | Killed Harold
 19443 | Orc:1    | Reached skill level 15 in Axes
 19770 | Orc:1    | Found a transporter.
 19812 | Orc:1    | Found a transporter.
 19813 | Orc:1    | Noticed math4jedi's ghost (journeyman MiMo)
 20049 | Orc:1    | Found a bloodstained altar of Trog.
 20213 | Orc:1    | Killed math4jedi's ghost
 20274 | Orc:2    | Entered Level 2 of the Orcish Mines
 20706 | Orc:2    | Gained mutation: Your touch may irresistibly damage your
                  | foes and sap their willpower. [demonic ancestry]
 20706 | Orc:2    | Reached XP level 16. HP: 132/132 MP: 26/26
 20735 | Orc:1    | Upgraded the game from 0.30-a0-900-g23479c02f2 to
                  | 0.30-a0-913-g9934a0ce24
 20857 | Orc:2    | Found a staircase to the Elven Halls.
 20870 | Orc:2    | Noticed Sonja
 20875 | Orc:2    | Killed Sonja
 21702 | Orc:2    | Found Werhonah's Antique Weapon Boutique.
 21702 | Orc:2    | Found Jewkadeju's Jewellery Shoppe.
 21703 | Orc:2    | Found Magenu's Assorted Antiques.
 21703 | Orc:2    | Found Rotsonomi's Distillery.
 21711 | Orc:2    | Bought a potion of mutation for 96 gold pieces
 21712 | Orc:2    | Bought a ring of poison resistance for 280 gold pieces
 22435 | Snake:1  | Entered Level 1 of the Snake Pit
 22633 | Snake:1  | Noticed Aizul
 22646 | Snake:1  | Killed Aizul
 22654 | Snake:1  | Reached skill level 10 in Evocations
 22990 | Snake:2  | Reached skill level 16 in Axes
 24067 | Snake:2  | Reached skill level 15 in Invocations
 26208 | Snake:4  | Entered Level 4 of the Snake Pit
 26208 | Snake:4  | Noticed Donald
 26210 | Snake:4  | Noticed Mara
 26213 | Snake:4  | Noticed jlumianski's illusion
 26230 | Snake:3  | Slain by Donald

Illustrated notes

Levels and vault maps discovered:
D:1:      amcnicky_arrival_flooded_fountain, layout_rooms, chequers_garden
D:2:      layout_loops_ring, basic_altar
D:3:      layout_basic, tso_metal_star, chequers_temple_overflow_minitemple,
          uniq_crazy_yiuf_cottage, uniq_robin, uniq_sigmund
D:4:      layout_basic, lightli_sewer_entry_pipes, minivault_24
D:5:      layout_rooms, minmay_misc_feat_ornament, hangedman_glass_teeth
D:6:      layout_cave_pools, bloody_makhleb, temple_green, uniq_pikel
D:7:      layout_rooms, enter_bailey_5, uniq_menkaure
D:8:      layout_cave_pools, nicolae_ossuary_entry_catacombs,
          hellmonk_guarded_unrand_lears, uniq_maggie, uniq_maurice
D:9:      layout_basic, mainiacjoe_overflow_six_doors_small,
          kennysheep_mini_moat, david_lair_shrubbed
D:10:     layout_loops_cross, minmay_quadrilaterals, uniq_fannar
D:11:     layout_long_grid, gammafunk_ghost_berserking_beasts
D:12:     layout_roguey, orc_david_3, minmay_checkered_concentric_circles
D:13:     layout_grid_maze
Temple:   hellmonk_temple_divided_pantheon
Lair:1:   layout_small_grid
Lair:2:   layout_chaotic_city, minmay_shoals_entry_hut, gammafunk_ghost_grave,
          nzn_random_ring
Lair:3:   layout_regular_city, minmay_snake_entry_six_corridors,
          lemuel_fruit_fields, uniq_urug
Lair:4:   hellmonk_destroyed_diamonds, layout_gridlike, gauntlet_entry_generic,
          gammafunk_ghost_grave, lookout_lair_type
Lair:5:   evilmike_catoblepas_cave, layout_regular_city, slime_entry_1,
          nicolae_lair_run_with_the_wolves
Snake:1:  layout_grid_maze, st_stairs_14, uniq_aizul
Snake:2:  layout_layer_cave
Snake:3:  layout_basic, nicolae_coiled_stairwell_up, uniq_vashnia
Snake:4:  hellmonk_snake_rune_quicksilver_temple, layout_rooms,
          hangedman_snake_corridor_split, serial_bayou_shore_b, uniq_mara,
          uniq_donald
Orc:1:    layout_caves, gammafunk_ghost_wrathful_warriors, uniq_harold
Orc:2:    st_orc_ogre_mass, layout_caves, uniq_sonja

Skill      XL: |  1  2  3  4  5  6  7  8  9 10 11 12 13 14 15 16 |
---------------+-------------------------------------------------+-----
Shields        | 3 4 |  4.7
Axes           | 2 3 4 5 7 9 10 11 12 13 14 15 16 | 16.5
Armour         | 3 4 5 6 7 8 9 |  9.7
Fighting       | 4 5 6 7 8 9 11 12 13 14 | 14.6
Dodging        | 1 2 3 4 |  4.3
Invocations    | 3 6 7 9 10 12 14 15 | 15.2
Evocations     | 2 4 5 7 8 9 10 | 10.6
Throwing       | 1 |  1.0
Staves         | |  0.5
Stealth        | |  0.9

Action                     |  1- 3 |  4- 6 |  7- 9 | 10-12 | 13-15 | 16-18 || total
---------------------------+-------+-------+-------+-------+-------+-------++-------
  Melee: War axe           |    37 |       |       |       |       |       ||    37
         Battleaxe         |    42 |   210 |   337 |   289 |       |       ||   878
         Executioner's axe |       |       |       |   185 |   506 |   245 ||   936
         Quarterstaff      |       |       |       |       |     5 |       ||     5
  Throw: Stone             |     2 |       |       |       |       |       ||     2
         Dart              |       |       |     2 |     5 |     1 |       ||     8
 Invoke: Elemental Force   |       |       |       |     2 |     6 |     4 ||    12
         Upheaval          |       |       |       |     1 |     3 |     2 ||     6
  Evoke: Wand              |       |       |     2 |     3 |       |       ||     5
         Tin of tremorston |       |       |       |       |     1 |       ||     1
         Box of beasts     |       |       |       |       |       |     1 ||     1
    Use: Potion            |     2 |     3 |     5 |     1 |     1 |       ||    12
         Scroll            |     1 |     2 |    13 |     6 |     3 |     3 ||    28
   Stab: Paralysed         |       |       |       |     1 |     6 |       ||     7
         Distracted        |       |       |       |       |     2 |     1 ||     3
 Armour: Scale mail        |    61 |   156 |    44 |       |       |       ||   261
         Chain mail        |       |       |   157 |   320 |   313 |       ||   790
         Plate armour      |       |       |    27 |    74 |       |       ||   101
         Crystal plate arm |       |       |       |       |       |   178 ||   178
         Skin              |       |       |       |       |       |     2 ||     2
  Dodge: Dodged            |    43 |   170 |   376 |   464 |   438 |   128 ||  1619
         Repelled          |       |       |       |     1 |     1 |    16 ||    18
  Block: Buckler           |     3 |       |       |       |       |       ||     3
         Other             |       |       |    15 |    99 |   214 |   143 ||   471

Table legend: (Time is in decaauts)
 A = Elapsed time spent in this place.
 B = Non-inter-level travel time spent in this place.
 C = Inter-level travel time spent in this place.
 D = Time resting spent in this place.
 E = Time spent auto-exploring this place.
 F = Levels seen in this place.
 G = Mean time per level.
                   A        B        C        D        E       F      G
               +--------+--------+--------+--------+--------+-----+--------+
         Total |  26922 |  25535 |   1387 |   2014 |  14468 |  27 |  997.1 |
       Dungeon |  13252 |  12352 |    900 |    712 |   7304 |  13 | 1019.4 |
        Temple |     38 |     38 |      0 |      0 |      0 |   1 |   38.0 |
          Lair |   6195 |   5844 |    351 |    124 |   3819 |   5 | 1239.0 |
     Snake Pit |   3835 |   3754 |     81 |    734 |   2152 |   4 |  958.8 |
  Orcish Mines |   2420 |   2368 |     52 |    226 |    995 |   2 | 1210.0 |
         Sewer |    721 |    721 |      0 |     32 |    197 |   1 |  721.0 |
      Gauntlet |    458 |    458 |      0 |    186 |      0 |   1 |  458.0 |
               +--------+--------+--------+--------+--------+-----+--------+

Top non-repeatable levels by time:
    D:12: 1895 daAuts
 Snake:2: 1818 daAuts
 Snake:1: 1687 daAuts
     D:4: 1462 daAuts
     D:3: 1434 daAuts
  Lair:5: 1370 daAuts
  Lair:2: 1345 daAuts
  Lair:4: 1305 daAuts
     D:9: 1236 daAuts
   Orc:2: 1211 daAuts
   Orc:1: 1209 daAuts
  Lair:3: 1168 daAuts
     D:8: 1096 daAuts
    D:10: 1010 daAuts
     D:7: 1007 daAuts
